AoeStats
← Ai1738

Black Forest

510312147Analyzed
3v3 RM · 2d ago on Sep 30, 2026· 59m 52s· 6 players
Game mode
Random Map
Map size
Normal (6 player)
Population
200
Speed
Normal
Resources
Standard
Victory
Conquest
Starting age
Dark Age
Ending age
Imperial Age
RankedLock teamsTeams togetherTeam positionsShared explorationLock speedFull tech treeHidden civsTurbo modeCheats
Victory
Defeat
🇮🇳 Byzantines · India
995
+36
🇳🇱 Danes · Netherlands
958
+38
🇮🇳 Persians · India
928
+19
🇦🇺 Britons · Australia
1010
-18
🇦🇺 Teutons · Australia
1009
-18
🇦🇺 Bohemians · Australia
1005
-18
banjaara
11:36 Feudal Age
16:41 Castle Age
14:46 Double-Bit Axe
14:45 Horse Collar
18:09 Bow Saw
22:42 Wheelbarrow
22:26 Stone Mining
22:28 Gold Mining
22:49 Heavy Plow
26:09 Stone Shaft Mining
26:10 Gold Shaft Mining
26:07 Hand Cart
31:47 Imperial Age
29:41 Scale Mail Armor
29:32 Fletching
29:43 Padded Archer Armor
29:54 Forging
30:52 Treadmill Crane
33:38 Chemistry
32:58 Ballistics
32:32 Pikeman
33:12 Squires
32:58 Arson
33:18 Padded Archer Armor
33:13 Bodkin Arrow
33:30 Forging
33:35 Chain Mail Armor
33:11 Elite Skirmisher
33:57 Thumb Ring
34:41 Capped Ram
36:23 Halberdier
37:26 Siege Ram
42:26 Two-Man Saw
42:01 Crop Rotation
43:12 Iron Casting
43:07 Plate Mail Armor
42:39 Bracer
42:55 Leather Archer Armor
44:11 Coinage
43:41 Caravan
46:13 Conscription
47:54 Banking
49:33 Light Cavalry
50:14 Husbandry
51:38 Scale Barding Armor
52:06 Ring Archer Armor
52:07 Hussar
57:30 Chain Barding Armor
TheB0ldOne
0:29 Loom
12:30 Feudal Age
13:06 Double-Bit Axe
19:56 Castle Age
18:31 Horse Collar
18:42 Gold Mining
18:47 Stone Mining
24:06 Bow Saw
25:29 Heavy Plow
29:06 Wheelbarrow
32:43 Imperial Age
30:01 Town Watch
31:12 Hand Cart
31:39 Caravan
33:29 Conscription
34:13 Chemistry
34:30 Scale Barding Armor
34:35 Forging
34:46 Kamandaran
35:51 Two-Man Saw
34:29 Cavalier
35:19 Bloodlines
35:09 Husbandry
35:03 Crossbowman
35:49 Thumb Ring
36:08 Ballistics
35:59 Masonry
35:45 Murder Holes
36:31 Savar
38:37 Citadels
38:28 Fletching
40:18 Chain Barding Armor
40:33 Iron Casting
43:14 Plate Barding Armor
43:40 Blast Furnace
44:10 Elite War Elephant
44:56 Devotion
44:53 Bodkin Arrow
45:01 Padded Archer Armor
46:36 Leather Archer Armor
51:06 Faith
55:38 Capped Ram
Behemoth
3:57 Loom
12:29 Feudal Age
14:27 Town Watch
15:00 Horse Collar
15:08 Double-Bit Axe
18:15 Wheelbarrow
18:40 Gold Mining
18:42 Stone Mining
25:06 Castle Age
23:50 Arson
23:26 Man-at-Arms
26:26 Caravan
27:14 Gold Shaft Mining
27:15 Stone Shaft Mining
27:15 Scale Mail Armor
27:25 Forging
28:38 Murder Holes
29:38 Hand Cart
34:57 Imperial Age
34:43 Hamask
36:32 Chain Mail Armor
36:17 Padded Archer Armor
36:07 Fletching
36:31 Elite Skirmisher
36:40 Cranequins
38:27 Conscription
38:45 Bow Saw
38:42 Elite Jomsviking
41:08 Plate Mail Armor
40:53 Leather Archer Armor
40:34 Bodkin Arrow
42:09 Masonry
41:46 Arrowslits
41:52 Guard Tower
42:01 Town Watch
43:16 Squires
44:23 Coinage
45:48 Iron Casting
45:44 Ring Archer Armor
44:51 Elite Varangian Guard
45:18 Gambesons
46:14 Scale Barding Armor
51:28 Blast Furnace
50:58 Ring Archer Armor
50:41 Thumb Ring
KBP
7:39 Loom
11:06 Feudal Age
16:13 Castle Age
17:20 Double-Bit Axe
21:30 Horse Collar
26:48 Bow Saw
26:49 Town Watch
28:43 Wheelbarrow
29:38 Fletching
29:51 Padded Archer Armor
31:21 Hand Cart
31:07 Town Patrol
34:05 Imperial Age
31:28 Crossbowman
32:25 Caravan
32:43 Wagenburg Tactics
34:23 Chemistry
33:45 Ballistics
33:37 Masonry
34:30 Houfnice
37:11 Bombard Tower
37:27 Architecture
37:57 Siege Engineers
51:22 Arbalester
54:44 Squires
54:04 Pikeman
55:06 Forging
54:56 Scale Mail Armor
55:16 Halberdier
56:34 Conscription
57:26 Chain Mail Armor
57:46 Iron Casting
✪ Sonicaii
14:26 Feudal Age
18:38 Castle Age
17:20 Double-Bit Axe
21:15 Horse Collar
26:18 Heavy Plow
26:33 Bow Saw
26:22 Gold Mining
27:27 Wheelbarrow
28:33 Gold Shaft Mining
31:32 Imperial Age
29:10 Fletching
31:06 Bodkin Arrow
31:11 Padded Archer Armor
34:10 Bracer
34:10 Padded Archer Armor
35:07 Conscription
34:09 Elite Longbowman
36:57 Chemistry
38:26 Leather Archer Armor
39:14 Two-Man Saw
39:42 Yeomen
40:42 Ring Archer Armor
40:38 Ballistics
40:28 Masonry
41:40 Yeomen
41:09 Crossbowman
41:11 Pikeman
41:52 Squires
41:17 Onager
42:45 Caravan
43:16 Warwolf
45:45 Murder Holes
46:21 Architecture
47:17 Arbalester
55:49 Scale Mail Armor
55:59 Forging
56:44 Halberdier
Ai1738
13:21 Feudal Age
18:34 Castle Age
17:02 Double-Bit Axe
17:37 Loom
19:47 Bow Saw
19:23 Horse Collar
20:01 Bloodlines
20:01 Scale Barding Armor
20:09 Scale Barding Armor
22:49 Forging
25:22 Iron Casting
28:48 Chain Barding Armor
36:34 Imperial Age
36:58 Wheelbarrow
37:55 Ballistics
39:14 Cavalier
42:10 Hand Cart
43:57 Chemistry
42:43 Arrowslits
43:56 Paladin
45:33 Plate Barding Armor
46:04 Blast Furnace
46:11 Bombard Tower
Connection lost

Rejoining the realm…

Still unreachable

The connection could not be restored.

Session expired

The server has moved on; the page needs a fresh start.